 Dungeon Crawl Stone Soup version 0.18-a0-1577-gf591c28 (webtiles) character file.

1175 M4edhros the Covert (level 8, -1/48 HPs)
             Began as an Octopode Artificer on Mar 20, 2016.
             Slain by a wight
             ... wielding a cursed +0 dire flail
              (15 damage)
             ... on level 6 of the Dungeon.
             The game lasted 00:06:18 (4577 turns).

M4edhros the Covert (Octopode Artificer)            Turns: 4577, Time: 00:06:19

Health: -1/48      AC:  1    Str: 12      XL:     8   Next: 41%
Magic:  10/10      EV: 16    Int: 14      God:
Gold:   145        SH:  0    Dex: 16 (17) Spells: 0 memorised, 7 levels left

rFire  . . .     SeeInvis .     j - +2 quarterstaff (chaos)
rCold  . . .     Gourm    .     (shield currently unavailable)
rNeg   . . .     Faith    .     (helmet restricted)
rPois  +         Spirit   .     r - amulet of regeneration
rElec  .         Dismiss  .     h - ring of poison resistance
rCorr  .         Reflect  .     u - ring of loudness (curse)
SustAt .         Harm     .     v - ring of protection from magic
MR     +....                    (no ring)
Stlth  +++++.....               (no ring)
                                (no ring)
                                (no ring)
                                (no ring)

@: drained, somewhat resistant to hostile enchantments, quite stealthy
A: almost no armour, amphibious, 8 rings, constrict 8, camouflage 1, agile 1,
deterioration 1, strong 1, gelatinous body 1
a: no special abilities


You were on level 6 of the Dungeon.
You were not hungry.

You visited 1 branch of the dungeon, and saw 6 of its levels.

You collected 145 gold pieces.

Inventory:

Hand Weapons
 a - a +0 short sword
 j - a +2 quarterstaff of chaos (weapon)
 y - a cursed -1 blowgun
Missiles
 A - 7 poisoned needles
 B - 8 poisoned javelins (quivered)
Jewellery
 h - a ring of poison resistance (left tentacle)
 r - an amulet of regeneration (around mantle)
 u - a cursed ring of loudness (right tentacle)
 v - a ring of protection from magic (on tentacle)
Wands
 b - a wand of flame (1/48)
 c - a wand of enslavement (10/24)
 d - a wand of random effects (15/48)
 s - a wand of slowing (16/48)
Scrolls
 e - 4 scrolls of enchant armour {unknown}
 g - 4 scrolls of remove curse {unknown}
 l - a scroll of teleportation {unknown}
 m - a scroll of fog {unknown}
 n - a scroll of random uselessness {unknown}
 o - 5 scrolls of identify {unknown}
 p - a scroll of noise {unknown}
 q - a scroll of enchant weapon {unknown}
 t - a scroll of fear {unknown}
Potions
 i - 2 potions of cure mutation
 w - a potion of magic {unknown}
 z - a potion of heal wounds {unknown}
 D - a potion of lignification
Comestibles
 f - 2 bread rations
 k - a beef jerky
 x - 3 fruits
 C - a chunk of flesh


   Skills:
 - Level 1.0(0.2) Fighting
 - Level 1.0(0.2) Short Blades
 + Level 7.1(6.2) Dodging
 + Level 9.9(9.0) Stealth
 - Level 3.2(2.5) Evocations


You had 7 spell levels left.
You didn't know any spells.

Dungeon Overview and Level Annotations

Branches:
Dungeon (6/15)
 Temple: D:4-7

Altars:
Ashenzari
Cheibriados
Fedhas
Pakellas
Vehumet
The Shining One


Innate Abilities, Weirdness & Mutations

You cannot wear most types of armour.
You are amphibious.
You can wear up to eight rings at the same time.
You can use your tentacles to constrict eight enemies at once.
Your skin changes colour to match your surroundings (Stealth).
Your rubbery body absorbs attacks (AC +1).
You are agile. (Dex +2)
Your body sometimes deteriorates upon taking damage.
Your muscles are strong. (Str +2)


Message History

The wight closely misses you.
The wight hits you with an enchanted flail.
You feel drained.
You barely miss the wight.
The wight is heavily damaged.
You constrict the wight. The wight hits you with a dire flail!
Your body deteriorates!
You feel clumsy.
You feel drained. The wight closely misses you.
You hit the wight.
The wight convulses.
The wight is almost destroyed.
You constrict the wight.
You destroy the wight!
The wight closely misses you.
You hit the wight. You burn the wight. You grab the wight.
The wight is lightly damaged.
You constrict the wight, but do no damage.
The wight hits you with a dire flail!
You feel drained.
* * * LOW HITPOINT WARNING * * *
The wight hits you with a dire flail!
You die...

.... ... #.......
.).. ... .# .......(
..... ... #.#
.####### .....
#.####+#.##.# #
......#.##.....##.# #
......#.##.....##.###
#
.......).+..........#
#
.....#z##..........#
# #.)@...........# #
####.####......# #
#.# #......# # #.#
#.##.####### #.#
#.##.#......
##)####.##.#.#####
#.......##.#.#####
##########........
###.#####


You could see a wight.

Vanquished Creatures
  Eustachio (D:4)
  A water moccasin (D:5)
  2 ice beasts
  Blork the orc (D:4)
  A big kobold (D:5)
  3 wights (D:6)
  A crimson imp (D:5)
  2 hounds (D:5)
  2 orc priests
  Crazy Yiuf (D:5)
  3 orc wizards (D:4)
  An iguana (D:4)
  2 worker ant zombies (D:5)
  4 gnolls
  8 adders
  A shadow imp (D:4)
  2 oozes
  4 worms
  A giant gecko (D:5)
  12 orcs
  A ball python (D:2)
  5 giant cockroaches
  2 goblins
  8 hobgoblins
  11 jackals
  9 kobolds
  A quokka (D:6)
  2 bats (D:2)
  A giant newt (D:3)
  4 rats
97 creatures vanquished.

Vanquished Creatures (collateral kills)
  An orc (D:4)
1 creature vanquished.

Vanquished Creatures (others)
  A goblin (D:2)
1 creature vanquished.

Grand Total: 99 creatures vanquished

Notes
Turn   | Place    | Note
--------------------------------------------------------------
     0 | D:1      | M4edhros the Octopode Artificer began the quest for the Orb.
     0 | D:1      | Reached XP level 1. HP: 13/13 MP: 3/3
   250 | D:1      | Reached skill level 2 in Stealth
   490 | D:1      | Reached XP level 2. HP: 18/18 MP: 4/4
   893 | D:2      | Found a radiant altar of Vehumet.
  1202 | D:2      | Reached XP level 3. HP: 16/23 MP: 5/5
  1203 | D:2      | Reached skill level 3 in Stealth
  1475 | D:4      | Found a glowing golden altar of the Shining One.
  1475 | D:4      | Found a shattered altar of Ashenzari.
  1538 | D:3      | Reached XP level 4. HP: 9/28 MP: 6/6
  1740 | D:3      | Reached skill level 4 in Stealth
  1896 | D:3      | Found a shattered altar of Ashenzari.
  2180 | D:4      | Reached XP level 5. HP: 29/33 MP: 7/7
  2183 | D:4      | Reached skill level 5 in Stealth
  2215 | D:4      | Gained mutation: Your muscles are strong. (Str +2) [potion of mutation]
  2215 | D:4      | Gained mutation: You are agile. (Dex +2) [potion of mutation]
  2215 | D:4      | Gained mutation: Your body sometimes deteriorates upon taking damage. [potion of mutation]
  2222 | D:4      | Noticed Blork the orc
  2222 | D:5      | Entered Level 5 of the Dungeon
  2293 | D:4      | Your ally died
  2364 | D:4      | Reached skill level 6 in Stealth
  2364 | D:4      | Reached XP level 6. HP: 38/38 MP: 8/8
  2574 | D:4      | Noticed Eustachio
  2638 | D:4      | Killed Eustachio
  2638 | D:4      | Reached skill level 5 in Dodging
  2638 | D:4      | Reached skill level 7 in Stealth
  2698 | D:4      | Reached XP level 7. HP: 2/43 MP: 9/9
  3429 | D:5      | Found a blossoming altar of Fedhas.
  3464 | D:5      | Found an oddly glowing altar of Pakellas.
  3598 | D:5      | Reached skill level 8 in Stealth
  3702 | D:5      | Noticed Crazy Yiuf
  3709 | D:5      | Killed Crazy Yiuf
  3846 | D:5      | Reached XP level 8. HP: 40/48 MP: 10/10
  3980 | D:5      | Found a snail-covered altar of Cheibriados.
  4005 | D:5      | Reached skill level 9 in Stealth
  4577 | D:6      | Slain by a wight

Vault maps used:
D:1:      grunt_arrival_lava_bath
D:2:      nemelex_deck, fiery_altar_vehumet, first_bread, serial_forest,
          infiniplex_forest_lined_room_, infiniplex_forest_lined_4_way,
          infiniplex_forest_end_3, infiniplex_forest_clump_C,
          infiniplex_forest_clump_C, infiniplex_forest_side_room,
          infiniplex_forest_corner_1, nicolae_ru_path_of_blood
D:3:      nicolae_ashenzari_panopticon, uniq_sigmund
D:4:      gammafunk_temple_overflow_wave, serial_co_window_serial,
          co_window_paths_b, co_window_corner_a, co_window_corner_a,
          co_window_paths_a, co_window_corner_a, co_window_corner_a,
          co_window_corner_a, co_window_broadway_b, co_window_unsneaky_path_a,
          co_window_unsneaky_path_e, co_window_corner_ca, co_window_4corner_a,
          glass_columns_b, minmay_misc_feat_iff, uniq_blork_the_orc,
          uniq_eustachio
D:5:      lemuel_round_altar, fedhas_altar_2, overflow_temple_1_default,
          lemuel_round_altar, lemuel_another_geyser, uniq_crazy_yiuf_cottage

Skill      XL: |  1  2  3  4  5  6  7  8 |
---------------+-------------------------+-----
Stealth        | 2 3 4 6 7 8 9 |  9.9
Dodging        | 3 4 5 6 7 |  7.1
Fighting       | |  1.0
Short Blades   | |  1.0
Evocations     | |  3.2

Action                   |  1- 3 |  4- 6 |  7- 9 || total
-------------------------+-------+-------+-------++-------
Melee: Short sword       |    73 |   102 |    50 ||   225
       Quarterstaff      |       |       |    48 ||    48
Evoke: Wand              |       |     6 |    13 ||    19
  Use: Potion            |     1 |     2 |       ||     3
 Stab: Sleeping          |     5 |     9 |    10 ||    24
       Distracted        |       |     1 |       ||     1
       Confused          |       |       |     1 ||     1
  Eat: Chunk             |     2 |     4 |     6 ||    12
